 Dungeon Crawl Stone Soup version 0.28.0-1-gb440e238dd (webtiles) character file.

Game seed: 572036201658443043

30 SweetAndFullOfGrace the Chopper (level 3, 0/46 HPs)
             Began as a Minotaur Berserker on Feb 19, 2022.
             Was a Follower of Trog.
             Slain by a goblin (2 damage)
             ... on level 2 of the Dungeon.
             The game lasted 00:02:42 (1045 turns).

SweetAndFullOfGrace the Chopper (MiBe)              Turns: 1045, Time: 00:02:42

Health: 0/46       AC:  4    Str: 23    XL:     3   Next: 3%
Magic:  2/2        EV: 12    Int:  4    God:    Trog [*.....]
Gold:   31         SH:  0    Dex:  9    Spells: 2/2 levels left

rFire   . . .      SeeInvis .   a - +0 hand axe
rCold   + . .      Faith    .   (no shield)
rNeg    . . .      Spirit   .   b - +0 animal skin
rPois   .          Reflect  .   (helmet restricted)
rElec   .          Harm     .   (no cloak)
rCorr   .          Rampage  .   d - +1 pair of gloves
Will    .....                   (no boots)
Stlth   ..........              (no amulet)
HPRegen 0.15/turn               n - ring of protection from cold
MPRegen 0.08/turn               (no ring)

@: berserking, slowed
A: horns 2, retaliatory headbutt
a: Renounce Religion, Berserk


You were on level 2 of the Dungeon.
You worshipped Trog.
Trog was aware of your devotion.
You visited 1 branch of the dungeon, and saw 2 of its levels.

You collected 31 gold pieces.

Inventory:

Hand Weapons
 a - a +0 hand axe (weapon)
Missiles
 i - 21 arrows
 o - 26 stones (quivered)
Armour
 b - a +0 animal skin (worn)
 d - a +1 pair of gloves (worn)
Jewellery
 n - a ring of protection from cold (left hand)
Scrolls
 c - a scroll of acquirement {unknown}
 j - a scroll of identify {unknown}
 m - a scroll of fear {unknown}
Potions
 e - a potion of haste {unknown}
 f - a potion of flight {unknown}
 g - 2 potions of heal wounds {unknown}
 h - a potion of attraction {unknown}
 k - a potion of berserk rage {unknown}
 l - a potion of might {unknown}


   Skills:
 - Level 3.6 Fighting
 + Level 5.1 Axes
 - Level 2.4 Armour
 - Level 2.1 Dodging


You had 2 spell levels left.
You didn't know any spells.
Your spell library was empty.

Dungeon Overview and Level Annotations

Branches:
Dungeon (2/15)

Altars:

Annotations:
D:2 Jessica


Innate Abilities, Weirdness & Mutations

You have a pair of horns on your head.
You reflexively headbutt those who attack you in melee.


Message History

Jessica is lightly wounded.
Jessica gestures wildly while chanting.
Jessica seems to speed up.
Jessica closely misses you.
You closely miss Jessica.
Jessica is lightly wounded.
Jessica mumbles something strange.
Jessica completely misses you. Jessica closely misses you.
You hit Jessica but do no damage. Your headbutt misses Jessica.
Jessica is lightly wounded.
Jessica hits you with a +0 dagger.
Jessica casts a spell.
Jessica blinks!
A goblin comes into view. It is wielding a +0 club.
The goblin hits you with a +0 club.
You hit the goblin but do no damage. Your headbutt misses the goblin.
The goblin barely misses you.
You hit Jessica.
Jessica is heavily wounded.
You closely miss the goblin. Jessica gestures at you while chanting.
Pain shoots through your body! The goblin hits you but does no damage.
Jessica grins evilly.
Jessica casts a spell at you. Pain shoots through your body!
* * * LOW HITPOINT WARNING * * *
The goblin hits you with a +0 club.
* * * LOW HITPOINT WARNING * * *
You barely miss Jessica.
Jessica is heavily wounded.
You barely miss the goblin.
Jessica says, "I'm really upset."
Jessica closely misses you. Jessica completely misses you.
The goblin hits you but does no damage. Jessica hits you with a +0 dagger.
* * * LOW HITPOINT WARNING * * *
A red film seems to cover your vision as you go berserk!
You feel yourself moving faster!
You feel mighty! Jessica hits you with a +0 dagger.
* * * LOW HITPOINT WARNING * * *
The goblin hits you with a +0 club.
You die...

######
.....########
###........######
#....#####....@.#
#.#.## ######@#
##.#.# #g# .....#
#.......# ##.###
#..####.# ...#
#..# ...# #...
##<# ##.#. .#.#
.#. .#.# .. .


You could see Jessica (fast) and a goblin.

Vanquished Creatures
  2 dart slugs (D:1)
  4 endoplasms
  A giant cockroach (D:1)
  A goblin (D:1)
  4 hobgoblins (D:1)
  A quokka (D:1)
  3 ball pythons (D:1)
  4 bats (D:1)
  3 frilled lizards (D:1)
  A kobold (D:1)
  A rat (D:1)
25 creatures vanquished.

Notes
Turn   | Place    | Note
-------+----------+-------------------------------------------
     0 | D:1      | SweetAndFullOfGrace the Minotaur Berserker began the quest
                  | for the Orb.
     0 | D:1      | Reached XP level 1. HP: 19/19 MP: 0/0
   103 | D:1      | Reached skill level 4 in Axes
   191 | D:1      | Reached XP level 2. HP: 24/26 MP: 1/1
   436 | D:1      | Found a faded altar of an unknown god.
   731 | D:1      | Reached skill level 5 in Axes
   904 | D:1      | Reached XP level 3. HP: 31/31 MP: 2/2
  1026 | D:2      | Noticed Jessica
  1044 | D:2      | HP: 2/31 [Jessica (3)]
  1045 | D:2      | Slain by a goblin

Illustrated notes

Levels and vault maps discovered:
D:1:      dpeg_arrival_round_c, layout_loops_ring,
          ebering_ecumenical_altar_sacrificial
D:2:      layout_loops_cross, serial_shops, nicolae_square_shop, uniq_jessica

Skill      XL: |  1  2 |
---------------+-------+-----
Axes           | 4 5 |  5.1
Fighting       | |  3.6
Armour         | |  2.4
Dodging        | |  2.1

Action                   || total
-------------------------++-------
Melee: Hand axe          ||    57
       Headbutt          ||     7
Invok: Berserk           ||     1
Armor: Animal skin       ||    14
Dodge: Dodged            ||    34

Table legend: (Time is in decaauts)
 A = Elapsed time spent in this place.
 B = Non-inter-level travel time spent in this place.
 C = Inter-level travel time spent in this place.
 D = Time resting spent in this place.
 E = Time spent auto-exploring this place.
 F = Levels seen in this place.
 G = Mean time per level.
                   A        B        C        D        E       F      G
               +--------+--------+--------+--------+--------+-----+--------+
         Total |   1052 |   1048 |      4 |      6 |    846 |   2 |  526.0 |
       Dungeon |   1052 |   1048 |      4 |      6 |    846 |   2 |  526.0 |
               +--------+--------+--------+--------+--------+-----+--------+

Top non-repeatable levels by time:
     D:1: 976 daAuts
     D:2: 76 daAuts

Table legend:
 A = Non-vault XP
 B = Vault XP
 C = Vault XP percentage of total XP
 D = Non-vault monster count
 E = Vault monster count
 F = Vault count percentage of total count
                 A         B        C        D         E       F
            +---------+---------+-------+---------+---------+-------
      Total |      43 |       0 |   0.0 |      25 |       0 |   0.0
            +---------+---------+-------+---------+---------+-------
        D:1 |      41 |       0 |   0.0 |      24 |       0 |   0.0
        D:2 |       2 |       0 |   0.0 |       1 |       0 |   0.0
            +---------+---------+-------+---------+---------+-------
